AoeStats
← Tazabatan

African Clearing

504140389Analyzed
2v2 RM · 27d ago on Sep 4, 2026· 26m 46s· 4 players
Game mode
Random Map
Map size
Medium (4 player)
Population
200
Speed
Normal
Resources
Standard
Victory
Conquest
Starting age
Dark Age
Ending age
Imperial Age
RankedLock teamsTeams togetherTeam positionsShared explorationLock speedFull tech treeHidden civsTurbo modeCheats
Victory
Defeat
🇲🇽 Huns · Mexico
1109
+16
🇲🇽 Maya · Mexico
1096
+17
🇹🇼 Magyars · Taiwan
1116
-17
🇬🇧 Romans · United Kingdom
1100
-45
Tazabatan
8:57 Loom
13:02 Feudal Age
13:28 Double-Bit Axe
14:34 Man-at-Arms
16:19 Scale Mail Armor
22:27 Fletching
椰子
11:27 Loom
11:34 Loom
14:20 Feudal Age
21:37 Stone Mining
21:38 Gold Mining
Lucco
5:32 Loom
12:25 Feudal Age
13:14 Double-Bit Axe
17:28 Fletching
20:06 Wheelbarrow
23:17 Castle Age
21:34 Gold Mining
22:42 Padded Archer Armor
23:22 Crossbowman
25:07 Leather Archer Armor
25:01 Town Watch
Carbage
9:37 Loom
12:43 Feudal Age
21:17 Castle Age
21:33 Bloodlines
26:35 Fletching
Connection lost

Rejoining the realm…

Still unreachable

The connection could not be restored.

Session expired

The server has moved on; the page needs a fresh start.